cohdb
Replays
Latest Replays
All Replays
Popular Replays
Top Player Replays
Match Explorer
How It Works
Community
CoH3 Stats
Reddit
Sign in to upload your games and track your stats! →
Sign in with Steam
Match 41430441
Unlisted
Match 41430441
Overview
Messages
Build Orders
End
Panzergrenadier Squad
Selects Battlefield Espionage Battlegroup
Panzergrenadier Squad
Construct Light Support Kompanie
Panzergrenadier Squad
2.5-tonne Medical Truck
Selects Sector Subterfuge Beacon
Panzergrenadier Squad
Selects Plunder
Fire Support Elements
Flakvierling Half-track
Construct Panzerarmee Kommand
Vehicle Survival Package
Selects Firestorm
Tungsten Core Ammunition
Panzer III L Medium Tank
Firestorm
Lomma
Guardsman_12
DanGer_
hlsdvl
Redrom
ItsBrettos
vonAJ
Verokarhu
0
0
Comments
sign in to comment!
No comments posted yet!